 Dungeon Crawl Stone Soup version 0.30-a0-169-g06f667207d (webtiles) character file.

Game seed: 10199382996383752360

70 Decritt the Magician (level 4, -1/35 HPs)
             Began as a Djinni Conjurer on Sept 30, 2022.
             Slain by a crimson imp
             ... wielding a +1 dagger of chaos
              (3 damage)
             ... on level 3 of the Dungeon.
             The game lasted 00:04:19 (2741 turns).

Decritt the Magician (Djinni Conjurer)              Turns: 2741, Time: 00:04:20

Health: -1/35      AC:  2    Str:  6    XL:     4   Next: 45%
Gold:   161        EV: 17    Int: 22    God:
                   SH:  0    Dex: 11

rFire   + + .      SeeInvis .    q - +0 mace (protect)
rCold   x . .      Faith    .    (no shield)
rNeg    . . .      Spirit   .    a - +0 robe
rPois   ∞          Reflect  .    (no helmet)
rElec   .          Harm     .    (no cloak)
rCorr   .          Rampage  .    (no gloves)
Will    .....                    (boots unavailable)
Stlth   ++........               (no amulet)
HPRegen 0.11/turn                (no ring)
MPRegen 0.00/turn                (no ring)

@: agile, flying
A: sickness immunity, fire resistance 2, cold vulnerability 1, float, innate
caster, HP casting, extra vitality 1
a: no special abilities


You were on level 3 of the Dungeon.
You visited 1 branch of the dungeon, and saw 3 of its levels.

You collected 161 gold pieces.

Inventory:

Hand Weapons
 f - a +1 dagger of flaming
 q - a +0 mace of protection (weapon)
Armour
 a - a +0 robe (worn)
Scrolls
 h - 3 scrolls of poison {unknown}
 k - a scroll of immolation {unknown}
 l - a scroll of teleportation {unknown}
 o - 2 scrolls of identify {unknown}
Potions
 b - a potion of heal wounds {unknown}
 c - a potion of berserk rage {unknown}
 d - a potion of curing
 e - 3 potions of mutation {unknown}
 g - a potion of lignification {unknown}
 i - a potion of resistance {unknown}
 j - a potion of flight {unknown}
 m - a potion of cancellation {unknown}
 n - a potion of attraction {unknown}
 p - a potion of might {unknown}


   Skills:
 * Level 3.0 Fighting
 - Level 2.1 Dodging
 - Level 1.5 Stealth
 + Level 3.6 Spellcasting


You couldn't memorise any spells.
You knew the following spells:

 Your Spells              Type           Power      Damage    Failure   Level
a - Magic Dart            Conj           80%        1d7       2%          1
b - Searing Ray           Conj           40%        2d5       3%          2
c - Dazzling Flash        Conj/Hex       40%        N/A       8%          3
d - Fulminant Prism       Conj/Hex       10%        3d9       26%         4
e - Iskenderun's Mystic   Conj/Tloc      20%        2d6       26%         4
f - Foxfire               Conj/Fire      80%        2x1d8     2%          1
Your spell library was empty.

Dungeon Overview and Level Annotations

Branches:
Dungeon (3/15)

Altars:
Cheibriados
Hepliaklqana
Xom


Innate Abilities, Weirdness & Mutations

You are immune to sickness and miasma.
You are immune to poison.
Your flesh is very heat resistant. (rF++)
You are vulnerable to cold. (rC-)
You float through the air rather than walking.
You learn spells naturally, not from books.
Your magical power is your life essence.
You have superior vitality. (+4 MHP)


Message History

The crimson imp blinks! x2
You hit the bush but do no damage.
The bush is lightly damaged.
The crimson imp blinks!
The magic dart hits the crimson imp.
The crimson imp is moderately wounded.
* * * LOW HITPOINT WARNING * * *
Casting: Magic Dart (safe; 2% risk of failure)
Confirm with . or Enter, or press ? or * to list all spells.
Aiming: Magic Dart (safe; 2% risk of failure)
Press: ? - help, Shift-Dir - straight line, f/p - crimson imp
Aim: a crimson imp (moderately wounded, 100% to hit)
The magic dart hits the crimson imp.
The crimson imp is heavily wounded.
* * * LOW HITPOINT WARNING * * *
You hit the bush.
The bush is lightly damaged.
The crimson imp hits you with a +1 dagger of chaos.
* * * LOW HITPOINT WARNING * * *
You hit the crimson imp but do no damage.
Your weapon exudes an aura of protection.
The crimson imp hits you but does no damage.
You feel agile all of a sudden.
Unknown command.
You miss the crimson imp. The crimson imp closely misses you.
The crimson imp hits you but does no damage.
You feel more agile all of a sudden.
Unknown command.
You closely miss the crimson imp.
The crimson imp hits you but does no damage.
The crimson imp hits the bush but does no damage.
Unknown command.
You are too injured to fight recklessly!
You are too injured to fight recklessly!
The crimson imp hits you with a +1 dagger of chaos.
* * * LOW HITPOINT WARNING * * *
The crimson imp hits something but does no damage.
You barely miss the crimson imp.
The crimson imp hits you with a +1 dagger of chaos.
You die...

#....#
#......§§######.....'._.+
#....# #......###
#.##.##.†.# #....#
#......# #.##.##^#^#
#....###......#
#.##.##.#.#
#....##.......#
#.##.######
##...##.......## #.##.#
#...##........# ## #.##.#
###...##....###'###.#
#.##.#
......##...##...@.#P###
#.#
##....##.......⌠5..P5.#
...........#..P.P..#......
##)##########_._._#P..#.##
#)### ###P.###.##
##.[.#########.....#.##..
................##.#.##..
##.......#########.#.##..
#...###.#... ...#.##.# #


You could see 2 crimson imps.

Vanquished Creatures
  An adder (D:3)
  A worm (D:2)
  3 dart slugs
  4 orcs (D:3)
  6 endoplasms
  4 giant cockroaches
  5 goblins
  3 hobgoblins (D:1)
  A quokka (D:2)
  3 ball pythons
  3 bats
  A frilled lizard (D:2)
  8 kobolds
  A rat (D:2)
44 creatures vanquished.

Vanquished Creatures (others)
  2 plants (D:3)
2 creatures vanquished.

Grand Total: 46 creatures vanquished

Notes
Turn   | Place    | Note
-------+----------+-------------------------------------------
     0 | D:1      | Decritt the Djinni Conjurer began the quest for the Orb.
     0 | D:1      | Decritt set off with the following spells memorised: Magic
                  | Dart, Searing Ray, Dazzling Flash, Fulminant Prism,
                  | Iskenderun's Mystic Blast.
     0 | D:1      | Reached XP level 1. HP: 15/15 MP: 0/0
   312 | D:1      | Reached skill level 1 in Fighting
   319 | D:1      | Reached XP level 2. HP: 16/22 MP: 0/0
  1087 | D:1      | Reached XP level 3. HP: 21/28 MP: 0/0
  1087 | D:1      | Learned a level 1 spell: Foxfire
  1833 | D:2      | Found a faded altar of an unknown god.
  2397 | D:3      | Reached XP level 4. HP: 27/34 MP: 0/0
  2641 | D:3      | Found a hazy altar of Hepliaklqana.
  2642 | D:3      | Found a snail-covered altar of Cheibriados.
  2676 | D:3      | Found a shimmering altar of Xom.
  2725 | D:3      | HP: 1/35 [crimson imp (2)]
  2741 | D:3      | Slain by a crimson imp

Illustrated notes

Levels and vault maps discovered:
D:1:      mrwooster_arrival_statue_3, layout_loops_ring, nicolae_hexahallways
D:2:      layout_basic, shapermc_ecumenical_altar_petra, minmay_tetromino_s2
D:3:      layout_basic, led_xom_imps, okawaru_metal_pillars_1_2,
          gammafunk_temple_overflow_forgotten

Skill      XL: |  1  2  3  4 |
---------------+-------------+-----
Fighting       | 1 2 3 |  3.0
Dodging        | |  2.1
Stealth        | |  1.5
Spellcasting   | |  3.6

Action                   |  1- 3 |  4- 6 || total
-------------------------+-------+-------++-------
Melee: Unarmed           |     3 |       ||     3
       Dagger            |     7 |       ||     7
       Mace              |       |     9 ||     9
 Cast: Magic Dart        |    77 |    32 ||   109
       Searing Ray       |     3 |     3 ||     6
  Use: Potion            |       |     3 ||     3
Armor: Robe              |     3 |     4 ||     7
Dodge: Dodged            |    13 |    20 ||    33

Table legend: (Time is in decaauts)
 A = Elapsed time spent in this place.
 B = Non-inter-level travel time spent in this place.
 C = Inter-level travel time spent in this place.
 D = Time resting spent in this place.
 E = Time spent auto-exploring this place.
 F = Levels seen in this place.
 G = Mean time per level.
                   A        B        C        D        E       F      G
               +--------+--------+--------+--------+--------+-----+--------+
         Total |   2742 |   2683 |     59 |     91 |   2314 |   3 |  914.0 |
       Dungeon |   2742 |   2683 |     59 |     91 |   2314 |   3 |  914.0 |
               +--------+--------+--------+--------+--------+-----+--------+

Top non-repeatable levels by time:
     D:1: 1470 daAuts
     D:2: 689 daAuts
     D:3: 582 daAuts
